 Dungeon Crawl Stone Soup version 0.28-a0-239-g68911e0c57 (console) character file.

Game seed: 5626572859507669983

3479 jejorda2 the Cleaver (level 10, -3/83 HPs)
             Began as a Hill Orc Delver on Aug 23, 2021.
             Was an Elder of Elyvilon.
             Slain by a manticore (7 damage)
             ... on level 8 of the Dungeon.
             The game lasted 00:24:37 (10946 turns).

jejorda2 the Cleaver (Hill Orc Delver)             Turns: 10946, Time: 00:24:39

Health: -3/83      AC: 18    Str: 19    XL:     10   Next: 7%
Magic:  14/14      EV:  6    Int: 10    God:    Elyvilon [****..]
Gold:   297        SH:  0    Dex: 12    Spells: 9/9 levels left

rFire   . . .      SeeInvis .   a - +1 war axe
rCold   . . .      Faith    .   (no shield)
rNeg    . . .      Spirit   .   p - +0 plate armour
rPois   .          Reflect  .   w - +0 helmet
rElec   .          Harm     .   o - +0 cloak
rCorr   +          Rampage  .   x - +2 pair of gloves
Will    +....                   (no boots)
Stlth   ..........              N - amulet of magic regeneration
HPRegen 0.23/turn               h - ring of willpower
MPRegen 0.39/turn               K - ring of resist corrosion

@: spiked
A: no striking features
a: Renounce Religion, Lesser Healing, Heal Other, Purification, Greater Healing,
Divine Protection


You were on level 8 of the Dungeon.
You worshipped Elyvilon.
Elyvilon was greatly pleased with you.
You visited 2 branches of the dungeon, and saw 9 of its levels.
You also visited: Sewer.

You collected 297 gold pieces.

Inventory:

Hand Weapons
 a - a +1 war axe (weapon)
 G - a +4 flail
Missiles
 i - 209 stones
 m - 2 atropa-tipped darts
 s - 14 boomerangs
 B - 41 poisoned darts (quivered)
Armour
 o - a +0 cloak (worn)
 p - a +0 plate armour (worn)
 w - a +0 helmet (worn)
 x - a +2 pair of gloves (worn)
Jewellery
 h - a ring of willpower (left hand)
 r - a ring of flight
 y - a ring of wizardry
 I - a ring of ice
 K - a ring of resist corrosion (right hand)
 N - an amulet of magic regeneration (around neck)
Wands
 g - a wand of digging (3)
 u - a wand of flame (23)
 z - a wand of paralysis (11)
 C - a wand of polymorph (10)
 H - a wand of mindburst (11)
Scrolls
 c - 2 scrolls of fog
 e - a scroll of fear
 j - a scroll of enchant weapon
 n - a scroll of teleportation
 D - 3 scrolls of magic mapping
 E - 2 scrolls of enchant armour
Potions
 b - a potion of heal wounds {unknown}
 d - a potion of lignification {unknown}
 f - 2 potions of haste
 k - 2 potions of curing
 l - 4 potions of attraction
 q - 2 potions of invisibility
 t - a potion of mutation {unknown}
 v - 2 potions of brilliance {unknown}
 A - a potion of cancellation {unknown}
 F - a potion of might {unknown}
 J - a potion of flight
 M - a potion of ambrosia


   Skills:
 - Level 6.0 Fighting
 * Level 14.2 Axes
 - Level 6.0 Armour
 - Level 1.5 Dodging
 - Level 4.1 Stealth
 - Level 6.0 Invocations


You had 9 spell levels left.
You didn't know any spells.
Your spell library contained the following spells:

 Spells                   Type           Power      Damage    Failure   Level
 Magic Dart               Conj           0%         1d3       100%        1
 Call Imp                 Summ           0%         N/A       100%        2
 Gell's Gravitas          Tloc           0%         N/A       100%        3
 Lesser Beckoning         Tloc           0%         N/A       100%        3
 Mephitic Cloud           Conj/Pois/Air  0%         N/A       100%        3
 Teleport Other           Tloc           0%         N/A       100%        3


Dungeon Overview and Level Annotations

Branches:
Dungeon (8/15)             Temple (1/1) D:5           Sewer (visited)
   Lair: D:8-11

Altars:
Ashenzari
Cheibriados
Dithmenos
Elyvilon
Fedhas
Gozag
Hepliaklqana
Kikubaaqudgha
Makhleb
Nemelex Xobeh
Okawaru
Qazlal
Ru
Sif Muna
Trog
Uskayaw
Vehumet
Wu Jian
Xom
Yredelemnul
Zin
The Shining One

Shops:
D:7 =:[

Annotations:
D:7 2 transporters, Loskel's ghost, novice MiMo


Message History

Elyvilon forgives your inadvertent evil act, just this once.
It was a scroll of torment.
A manticore comes into view.
The manticore flicks its tail.
The volley of spikes hits you but does no damage.
The manticore flicks its tail.
The volley of spikes hits you.
The barbed spikes become lodged in your body.
Okay, then.
Unknown command.
The manticore flicks its tail.
The volley of spikes hits you!
The barbed spikes become lodged in your body.
The manticore flicks its tail.
The volley of spikes hits you.
The barbed spikes become lodged in your body.
You closely miss the manticore. The manticore bites you!
The manticore claws you.
The manticore claws you but does no damage.
You hit the manticore but do no damage. The manticore bites you!
The manticore claws you but does no damage. x2
You slash the manticore!
The manticore is moderately wounded.
The manticore bites you.
The manticore claws you but does no damage. x2
You completely miss the manticore.
The manticore is moderately wounded.
The manticore bites you!
* * * LOW HITPOINT WARNING * * *
The manticore barely misses you. The manticore claws you!
* * * LOW HITPOINT WARNING * * *
You slash the manticore!
The manticore is heavily wounded.
You barely miss the manticore.
The manticore is heavily wounded.
The manticore bites you!
* * * LOW HITPOINT WARNING * * *
The manticore claws you but does no damage.
The manticore claws you!
You die...

######## #......#
#......# #......#
#######......#
........@....# #####
<......H)....####....#
.......))....).......#
...............<.....#
.....................#
.................#####
.............#####
.............#
.............# #


You could see a manticore.

Vanquished Creatures
  Pikel (D:6)
  Psyche (D:8)
  Sigmund (D:7)
  A wraith (D:7)
  A yak (D:8)
  A water moccasin (D:6)
  A sky beast (D:7)
  3 black bears
  A necrophage (D:6)
  3 ogres
  A centaur (D:5)
  4 bullfrogs
  4 scorpions
  A bullfrog zombie (D:5)
  A centaur zombie (D:8)
  2 jellies (D:7)
  An orc priest (D:8)
  A bullfrog skeleton (D:6)
  A centaur skeleton (D:6)
  A gnoll shaman (D:8)
  An iguana (D:6)
  7 orc wizards
  Terence (D:3)
  A killer bee zombie (D:7)
  A hound skeleton (D:3)
  Robin (D:3)
  6 adders
  2 white imps (D:7)
  4 worms
  2 dart slugs
  27 orcs
  8 endoplasms
  11 giant cockroaches
  14 goblins
  10 hobgoblins
  3 jackals (D:3)
  10 kobolds
  4 quokkas
  14 ball pythons
  3 bats
  9 frilled lizards
  10 rats
180 creatures vanquished.

Vanquished Creatures (others)
  A yak (shapeshifter) (D:7)
  An orc priest (D:4)
  An orc (D:4)
  A kobold (D:4)
4 creatures vanquished.

Grand Total: 184 creatures vanquished

Notes
Turn   | Place    | Note
-------+----------+-------------------------------------------
     0 | D:5      | jejorda2 the Hill Orc Delver began the quest for the Orb.
     0 | D:5      | Reached XP level 1. HP: 19/19 MP: 1/1
     9 | D:5      | Found a staircase to the Ecumenical Temple.
    15 | Temple   | Entered the Ecumenical Temple
   288 | Temple   | Became a worshipper of Elyvilon the Healer
   347 | D:5      | Noticed a scorpion
   363 | D:5      | Noticed a centaur
   371 | D:5      | Noticed a scorpion
   508 | D:2      | Reached skill level 3 in Axes
   508 | D:2      | Reached XP level 2. HP: 27/27 MP: 2/2
   657 | D:2      | Reached skill level 1 in Invocations
   668 | D:2      | Reached skill level 1 in Armour
   682 | D:2      | Reached XP level 3. HP: 33/33 MP: 3/3
  1339 | D:2      | Reached * piety under Elyvilon
  1493 | D:1      | Reached skill level 4 in Axes
  1728 | D:1      | Reached XP level 4. HP: 28/40 MP: 5/5
  2192 | D:1      | Reached ** piety under Elyvilon
  2193 | D:1      | Found a faded altar of an unknown god.
  3090 | D:3      | Reached XP level 5. HP: 34/47 MP: 5/7
  3577 | D:3      | Noticed Terence
  3604 | D:3      | Killed Terence
  3916 | D:3      | Noticed Robin
  3950 | D:3      | Killed Robin
  4342 | D:4      | Noticed Sigmund
  4342 | D:4      | Reached *** piety under Elyvilon
  4630 | D:4      | Reached skill level 5 in Axes
  4630 | D:4      | Reached XP level 6. HP: 53/53 MP: 5/9
  5269 | D:5      | Noticed a black bear
  5285 | D:5      | Killed a black bear
  5286 | D:5      | Reached skill level 5 in Fighting
  5286 | D:5      | Reached skill level 5 in Invocations
  5533 | D:5      | Reached XP level 7. HP: 51/61 MP: 10/10
  5621 | D:5      | Reached skill level 6 in Axes
  6076 | D:5      | Found a burning altar of Makhleb.
  6708 | D:6      | Reached XP level 8. HP: 61/70 MP: 12/12
  6721 | D:6      | Reached skill level 7 in Axes
  6724 | D:6      | Reached **** piety under Elyvilon
  6780 | D:6      | Found a glowing drain.
  6917 | Sewer    | Entered a sewer
  7049 | Sewer    | Reached skill level 8 in Axes
  7653 | D:6      | Noticed Pikel
  7698 | D:6      | Killed Pikel
  7699 | D:6      | Reached skill level 10 in Axes
  7699 | D:6      | Reached skill level 5 in Armour
  7699 | D:6      | Reached XP level 9. HP: 26/75 MP: 11/13
  9065 | D:7      | Killed Sigmund
  9066 | D:7      | Reached skill level 11 in Axes
  9066 | D:7      | Found Jophiaman's Jewellery Boutique.
  9428 | D:7      | Reached skill level 12 in Axes
  9472 | D:7      | Found Ybul's Armour Emporium.
  9527 | D:7      | Found a transporter.
  9542 | D:7      | Found a transporter.
  9543 | D:7      | Noticed Loskel's ghost (novice MiMo)
  9729 | D:7      | Found Mivac's Book Boutique.
 10156 | D:8      | Noticed Psyche
 10232 | D:8      | Killed Psyche
 10233 | D:8      | Reached skill level 13 in Axes
 10481 | D:8      | Reached XP level 10. HP: 48/83 MP: 14/14
 10507 | D:8      | Paralysed by a hornet for 1 turns
 10513 | D:7      | Paralysed by a hornet for 3 turns
 10522 | D:7      | Reached skill level 14 in Axes
 10933 | D:8      | Noticed a manticore
 10946 | D:8      | HP: 4/83 [manticore (13)]
 10946 | D:8      | Slain by a manticore

Illustrated notes

Levels and vault maps discovered:
D:1:      minmay_arrival_split_and_join, layout_loops_ring,
          hellmonk_ecumenical_altar_heavens_door
D:2:      layout_basic, item_on_display_a
D:3:      minmay_octagon_keep, layout_loops_corners, serial_aquarium,
          aquarium_bridge_square [aquarium_subvault_bridge,
          aquarium_subvault_balcony, aquarium_subvault_bridge,
          aquarium_subvault_bridge], aquarium_window_fake, aquarium_window_fake,
          aquarium_window_fake, aquarium_view_2f, aquarium_view_2g,
          aquarium_balcony_double_3, hangedman_feature_mirror, uniq_robin,
          uniq_terence
D:4:      layout_rooms, uniq_sigmund
D:5:      black_bear_nest_2, layout_cave_pods,
          mainiacjoe_overflow_surrounded_room, minmay_temple_entry_hall,
          grunt_decor_fettered, amcnicky_mini_corridor_feature
D:6:      layout_layer_cave, portal_sewer_entry_b, uniq_pikel
D:7:      layout_loops_ring, serial_shops, nicolae_inconvenience_store, shop,
          shop_statue, gammafunk_ghost_hive
D:8:      minmay_the_grid_octo_2x2 [minmay_the_grid_octo_vomiting_pacman,
          minmay_the_grid_octo_checkered, minmay_the_grid_octo_checkerflower,
          minmay_the_grid_octo_prize_ultimate_mussel_roller], layout_gridville,
          uniq_maggie, uniq_psyche
Temple:   nicolae_temple_the_god_donut

Skill      XL: |  1  2  3  4  5  6  7  8  9 10 |
---------------+-------------------------------+-----
Axes           | 3 4 5 6 10 13 14 | 14.2
Invocations    | 1 2 4 5 6 |  6.0
Armour         | 1 2 3 5 6 |  6.0
Fighting       | 4 5 6 |  6.0
Dodging        | |  1.5
Stealth        | |  4.1

Action                   |  1- 3 |  4- 6 |  7- 9 | 10-12 || total
-------------------------+-------+-------+-------+-------++-------
Melee: Hand axe          |    91 |   356 |    58 |       ||   505
       War axe           |       |       |   330 |    26 ||   356
Throw: Stone             |     8 |       |       |       ||     8
       Dart              |       |       |    20 |       ||    20
Invok: Heal Other        |       |     4 |     2 |     5 ||    11
       Greater Healing   |       |       |     1 |     1 ||     2
  Use: Scroll            |     1 |       |    14 |     1 ||    16
 Stab: Sleeping          |     6 |       |       |       ||     6
       Distracted        |     1 |       |       |       ||     1
Armor: Leather armour    |    16 |       |       |       ||    16
       Plate armour      |     9 |   339 |   271 |    38 ||   657
Dodge: Dodged            |    38 |    97 |    90 |    13 ||   238

Table legend: (Time is in decaauts)
 A = Elapsed time spent in this place.
 B = Non-inter-level travel time spent in this place.
 C = Inter-level travel time spent in this place.
 D = Time resting spent in this place.
 E = Time spent auto-exploring this place.
 F = Levels seen in this place.
 G = Mean time per level.
                   A        B        C        D        E       F      G
               +--------+--------+--------+--------+--------+-----+--------+
         Total |  11073 |  10721 |    352 |    604 |   8036 |  10 | 1107.3 |
       Dungeon |  10113 |   9800 |    313 |    604 |   7374 |   8 | 1264.1 |
        Temple |    286 |    247 |     39 |      0 |    230 |   1 |  286.0 |
         Sewer |    673 |    673 |      0 |      0 |    431 |   1 |  673.0 |
               +--------+--------+--------+--------+--------+-----+--------+

Top non-repeatable levels by time:
     D:3: 2105 daAuts
     D:6: 1797 daAuts
     D:5: 1666 daAuts
     D:7: 1361 daAuts
     D:2: 1031 daAuts
     D:1: 1030 daAuts
   Sewer: 673 daAuts
     D:4: 593 daAuts
     D:8: 526 daAuts
  Temple: 286 daAuts
